 Dungeon Crawl Stone Soup version 0.27.1-15-g792fb953b9 (webtiles) character file.

Game seed: 11313712714005300482

1580 Findor the Firebug (level 8, -10/52 HPs)
             Began as an Octopode Fire Elementalist on Nov 19, 2021.
             Was a Follower of Vehumet.
             Mangled by a two-headed ogre (18 damage)
             ... on level 7 of the Dungeon.
             The game lasted 00:18:29 (8062 turns).

Findor the Firebug (Octopode Fire Elementalist)     Turns: 8062, Time: 00:18:30

Health: -10/52     AC:  1    Str:  7    XL:     8   Next: 91%
Magic:  14/14      EV: 14    Int: 20    God:    Vehumet [*.....]
Gold:   228        SH:  0    Dex: 12    Spells: 2/15 levels left

rFire    . . .     SeeInvis .   b - staff of poison
rCold    . . .     Faith    .   (no shield)
rNeg     . . .     Spirit   .   (helmet restricted)
rPois    +         Reflect  .   A - amulet of magic regeneration
rElec    .         Harm     .   y - ring of resist corrosion
rCorr    +         Rampage  .   (no ring)
Will     .....                  (no ring)
Stlth    ++++......             (no ring)
HPRegen  0.17/turn              (no ring)
MPRegen  0.39/turn              (no ring)
                                (no ring)
                                (no ring)

@: hasted, very quick
A: almost no armour, amphibious, 8 rings, camouflage 1, gelatinous body 1,
(nimble swimmer 1), tentacles
a: Renounce Religion


You were on level 7 of the Dungeon.
You worshipped Vehumet.
Vehumet was aware of your devotion.
You visited 2 branches of the dungeon, and saw 8 of its levels.

You collected 341 gold pieces.
You spent 113 gold pieces at shops.


Innate Abilities, Weirdness & Mutations

You cannot wear most types of armour.
You are amphibious.
You can wear up to eight rings at the same time.
Your skin changes colour to match your surroundings (Stealth+).
Your rubbery body absorbs attacks. (AC +1, EV +1)
((You are camouflaged near water. (Stealth+)))
You have tentacles for arms and can constrict up to eight enemies at once.


   Skills:
 + Level 3.5 Fighting
 + Level 4.2 Dodging
 - Level 5.6 Stealth
 + Level 1.2 Shields
 + Level 4.4 Spellcasting
 + Level 4.2 Conjurations
 + Level 6.7 Fire Magic


You had 2 spell levels left.
You knew the following spells:

 Your Spells              Type           Power      Damage    Failure   Level
a - Foxfire               Conj/Fire      100%       2x1d9     1%          1
d - Conjure Flame         Conj/Fire      26%        6-21      3%          3
q - Sticky Flame          Conj/Fire      26%        2d5       13%         4
x - Fireball              Conj/Fire      13%        3d7       34%         5

Your spell library contained the following spells:

 Spells                   Type           Power      Damage    Failure   Level
 Magic Dart               Conj           84%        1d7       2%          1
 Summon Small Mammal      Summ           16%        N/A       12%         1
 Slow                     Hex            4%         N/A       19%         2
 Inner Flame              Hex/Fire       17%        N/A       10%         3
 Call Canine Familiar     Summ           4%         N/A       36%         3
 Confusing Touch          Hex            4%         N/A       36%         3
 Summon Guardian Golem    Hex/Summ       4%         N/A       36%         3
 Vampiric Draining        Necr           2%         2d6       36%         3
 Airstrike                Air            2%         N/A       77%         4
 Summon Lightning Spire   Summ/Air       4%         N/A       77%         4
 Lightning Bolt           Conj/Air       6%         1d18      82%         5

Inventory:

Hand Weapons
 a - a +1 flail of protection
   (You took it off an orc on level 7 of the Dungeon)
 F - a +0 short sword
   (You took it off a kobold on level 1 of the Dungeon)
Missiles
 e - 44 poisoned darts
 g - a curare-tipped dart
Armour
 c - a +3 kite shield
   (You found it on level 1 of the Dungeon)
Magical Staves
 b - a staff of poison (weapon)
   (You found it on level 3 of the Dungeon)
 B - a staff of air
   (You found it on level 5 of the Dungeon)
Jewellery
 f - an amulet of guardian spirit
   (You found it on level 1 of the Dungeon)
 y - a ring of resist corrosion (left tentacle)
   (You found it on level 6 of the Dungeon)
 A - an amulet of magic regeneration (around mantle)
   (You found it on level 6 of the Dungeon)
Wands
 d - a wand of iceblast (1)
   (You found it on level 5 of the Dungeon)
 u - a wand of paralysis (11)
   (You found it on level 4 of the Dungeon)
 v - a wand of digging (4)
   (You found it on level 6 of the Dungeon)
Scrolls
 i - a scroll of teleportation {@r4}
 j - 2 scrolls of enchant armour
 k - 3 scrolls of summoning
 l - 4 scrolls of torment {!r}
 n - a scroll of acquirement {unknown}
 s - a scroll of brand weapon {unknown}
 t - a scroll of fear {unknown}
 w - a scroll of noise {unknown}
 x - 2 scrolls of vulnerability {!r}
 E - a scroll of immolation {unknown}
Potions
 h - a potion of ambrosia
 m - a potion of curing {@q1}
 o - a potion of resistance
 p - a potion of magic
 q - 2 potions of cancellation
 r - a potion of berserk rage
 C - a potion of flight
 D - a potion of lignification {unknown}


Message History

You kill the orc warrior!
Vehumet accepts your kill.
You hear two shouts!
Your Shields skill increases to level 1!
Aiming: Iceblast
Press: ? - help, Shift-Dir - straight line The mass of ice explodes!
The iceblast engulfs something!
Aiming: Iceblast
Press: ? - help, Shift-Dir - straight line The mass of ice explodes!
The iceblast engulfs something!
Vehumet accepts your kill.
Reactivating autopickup.
You feel a bit more experienced.
Aiming: Iceblast
Press: ? - help, Shift-Dir - straight line, f - orc
Aim: an orc, wielding a +0 morningstar The mass of ice explodes!
The iceblast engulfs the orc!
You kill the orc!
Vehumet accepts your kill.
The iceblast engulfs the orc!
You kill the orc!
Vehumet accepts your kill.
Casting: Foxfire (safe; 1% risk of failure)
The fire begins to smoulder!
The fire ignites!
Things that are here:
a +0 dagger; 2 stones
Aiming: Iceblast
Press: ? - help, Shift-Dir - straight line, f - orc
Aim: an orc, wielding a +0 club The mass of ice explodes!
The iceblast engulfs the orc!
You kill the orc!
Vehumet accepts your kill.
The iceblast engulfs the orc!!
You kill the orc!
Vehumet accepts your kill.
You start resting.
A two-headed ogre comes into view.
It is wielding a +0 dire flail and a +0 giant club.
Okay, then.
Aiming: Paralyse
Press: ? - help, Shift-Dir - straight line, f - two-headed ogre
Aim: a two-headed ogre, wielding a +0 dire flail and a +0 giant club (chance to affect: 28%)
Okay, then.
Okay, then.
Okay, then.
You feel yourself speed up.
The two-headed ogre hits you with a +0 dire flail!!
* * * LOW HITPOINT WARNING * * *
The two-headed ogre hits you with a +0 giant club!!
You die...

########################
.......................##
######################..########
.................
##############.######..
.......@O..............
##############.)#####.. ##)#
#.## . #..# ....######)#######
..........))..).>.
###########)####)# ######)####.#


You could see a two-headed ogre.

Vanquished Creatures
  A water moccasin (D:5)
  An orc warrior (D:7)
  2 necrophages
  A sky beast (D:6)
  An ogre (D:5)
  A kobold brigand (D:7)
  2 bullfrogs
  2 scorpions
  A wyvern skeleton (D:7)
  An orc priest (D:4)
  2 bullfrog zombies
  3 hounds
  A centaur skeleton (D:5)
  2 jellies
  2 iguanas (D:6)
  4 orc wizards
  A hound skeleton (D:4)
  A howler monkey zombie (D:7)
  8 adders
  A howler monkey skeleton (D:5)
  2 shadow imps
  A white imp (D:6)
  2 ufetubi
  An adder skeleton (D:4)
  2 worms (D:3)
  A dart slug (D:5)
  24 orcs
  4 ball pythons
  4 bats
  5 endoplasms
  3 giant cockroaches
  4 goblins
  6 hobgoblins
  11 kobolds
  3 quokkas
  A frilled lizard (D:1)
  3 rats
115 creatures vanquished.

Vanquished Creatures (others)
  438 foxfires
438 creatures vanquished.

Grand Total: 553 creatures vanquished

Notes
Turn   | Place    | Note
-------+----------+-------------------------------------------
     0 | D:1      | Findor the Octopode Fire Elementalist began the quest for
                  | the Orb.
     0 | D:1      | Reached XP level 1. HP: 11/11 MP: 3/3
    47 | D:1      | Found a faded altar of an unknown god.
   318 | D:1      | Reached XP level 2. HP: 17/17 MP: 3/5
   675 | D:2      | Found Hurchon's General Store.
   679 | D:2      | Found Fysupoc's Weapon Boutique.
   681 | D:2      | Found Ydwagio's Assorted Antiques.
   868 | D:2      | Reached XP level 3. HP: 21/21 MP: 2/6
   907 | D:2      | Learned a level 3 spell: Conjure Flame
  1004 | D:2      | Found Vaepsiuq's Book Shoppe.
  1466 | D:2      | Bought a scroll of summoning for 95 gold pieces
  1474 | D:2      | Bought an inky potion for 18 gold pieces
  1732 | D:3      | Reached skill level 4 in Fire Magic
  1732 | D:3      | Reached XP level 4. HP: 27/27 MP: 1/7
  1884 | D:3      | Learned a level 4 spell: Sticky Flame
  2708 | D:4      | Noticed a necrophage
  2840 | D:4      | Found a shimmering altar of Xom.
  2853 | D:4      | Reached skill level 3 in Stealth
  2901 | D:4      | Reached XP level 5. HP: 32/32 MP: 6/9
  3143 | D:4      | Reached skill level 3 in Spellcasting
  3268 | D:4      | Reached skill level 1 in Fighting
  3489 | D:4      | Killed a necrophage
  3490 | D:4      | Reached XP level 6. HP: 38/38 MP: 4/10
  3669 | D:5      | Entered Level 5 of the Dungeon
  3726 | D:5      | Reached skill level 5 in Fire Magic
  3791 | D:5      | Found a staircase to the Ecumenical Temple.
  3813 | Temple   | Entered the Ecumenical Temple
  3928 | Temple   | Became a worshipper of Vehumet
  4150 | D:5      | Noticed a steam dragon
  4224 | D:5      | Reached XP level 7. HP: 25/44 MP: 7/11
  4561 | D:5      | Reached skill level 3 in Dodging
  4561 | D:5      | Reached skill level 3 in Conjurations
  5298 | D:5      | Noticed Edmund
  5614 | D:6      | Learned a level 5 spell: Fireball
  5662 | D:6      | Reached * piety under Vehumet
  5662 | D:6      | Offered knowledge of Magic Dart by Vehumet.
  5796 | D:6      | Reached XP level 8. HP: 51/51 MP: 10/13
  6016 | D:6      | Reached skill level 6 in Fire Magic
  6510 | D:6      | Reached skill level 3 in Fighting
  6936 | D:7      | Found a blossoming altar of Fedhas.
  7690 | D:7      | Identified the +2 robe "Ciucabaf" {Will+ rCorr Str-3}
  8047 | D:7      | Reached skill level 1 in Shields
  8053 | D:7      | Noticed a two-headed ogre
  8062 | D:7      | HP: 8/52 [two-headed ogre (21)]
  8062 | D:7      | Mangled by a two-headed ogre

Levels and vault maps discovered:
D:1:      nzn_arrival_water_spiral, layout_basic,
          ebering_ecumenical_altar_petrified, corner_web_ring,
          grunt_decor_fettered
D:2:      layout_rooms, serial_shops, shop, nicolae_shop_stone,
          nicolae_shop_crystal, shop
D:3:      layout_loops_cross
D:4:      layout_basic, kennysheep_mini_moat
D:5:      layout_loops_corners, minmay_temple_entry_mist, uniq_edmund
D:6:      layout_basic, kennysheep_boxes
D:7:      black_bear_nest_2, layout_basic, mainiacjoe_overflow_catwalk,
          yredelemnul_altar_generic, gammafunk_temple_overflow_claw,
          minmay_overflow_temple_star_hex, minivault_14
Temple:   jpeg_temple_alley_garden

Action                   |  1- 3 |  4- 6 |  7- 9 || total
-------------------------+-------+-------+-------++-------
Melee: Short sword       |     2 |     2 |    12 ||    16
       Tentacles         |       |       |     2 ||     2
       Staff             |       |       |     4 ||     4
       Constrict         |       |       |     2 ||     2
 Cast: Foxfire           |    53 |    89 |   107 ||   249
       Conjure Flame     |       |       |     7 ||     7
       Sticky Flame      |       |       |     2 ||     2
Evoke: Wand              |       |     2 |    16 ||    18
  Use: Scroll            |     1 |     5 |     7 ||    13
       Potion            |     1 |       |     1 ||     2
 Stab: Sleeping          |       |     2 |     3 ||     5
       Paralysed         |       |       |    11 ||    11
Armor: Skin              |     2 |     4 |     3 ||     9
Dodge: Dodged            |    15 |    33 |    54 ||   102
